 Dungeon Crawl Stone Soup version 0.30-a0-939-gc8157cb160 (webtiles) character file.

Game seed: 11455029683392847607

1294 gohu the Cleaver (level 8, -3/73 HPs)
             Began as a Hill Orc Fighter on Mar 25, 2023.
             Shot with a sling bullet by Joseph (10 damage)
             ... on level 7 of the Dungeon.
             The game lasted 00:10:48 (5944 turns).

gohu the Cleaver (Hill Orc Fighter)                 Turns: 5944, Time: 00:10:49

Health: -3/73      AC: 12    Str: 19    XL:     8   Next: 56%
Magic:  8/8        EV:  7    Int:  8    God:
Gold:   312        SH:  4    Dex: 12    Spells: 7/7 levels left

rFire   . . .      SeeInvis .    a - +0 war axe (protect)
rCold   . . .      Faith    .    c - +0 buckler
rNeg    . . .      Spirit   .    i - +0 chain mail
rPois   .          Reflect  .    (no helmet)
rElec   .          Rampage  .    v - +0 cloak
rCorr   .                        (no gloves)
Will    .....                    l - +0 pair of boots Stlth
                                 (no amulet)
HPRegen 0.32/turn                (no ring)
MPRegen 0.11/turn                (no ring)

@: marked
A: no striking features
a: no special abilities


You were on level 7 of the Dungeon.
You visited 1 branch of the dungeon, and saw 7 of its levels.

You collected 312 gold pieces.

Inventory:

Hand Weapons
 a - a +0 war axe of protection (weapon)
Missiles
 A - 6 boomerangs (quivered)
Armour
 b - a +0 scale mail
 c - a +0 buckler (worn)
 i - a +0 chain mail (worn)
 l - a +0 pair of boots (worn)
 v - a +0 cloak (worn)
Jewellery
 B - a ring of ice
 C - a ring of resist corrosion
Wands
 k - a wand of roots (12)
 y - a wand of acid (10)
Scrolls
 e - 4 scrolls of fog {unknown}
 f - 2 scrolls of enchant armour {unknown}
 g - a scroll of enchant weapon {unknown}
 j - 2 scrolls of acquirement {unknown}
 m - 2 scrolls of fear {unknown}
 n - 2 scrolls of blinking
 o - 6 scrolls of teleportation
 q - 2 scrolls of immolation
 r - 2 scrolls of vulnerability
 u - a scroll of magic mapping
 D - 3 scrolls of identify
Potions
 d - 2 potions of might
 h - a potion of cancellation
 p - 3 potions of degeneration
 s - 2 potions of lignification
 t - 2 potions of curing
 w - 3 potions of mutation {unknown}
 x - 2 potions of berserk rage {unknown}
 z - a potion of brilliance {unknown}


   Skills:
 * Level 7.2 Fighting
 * Level 10.5 Axes
 + Level 5.2 Armour
 - Level 3.2 Shields


You had 7 spell levels left.
You didn't know any spells.
Your spell library contained the following spells:

 Spells                   Type           Power      Damage    Failure   Level
 Freeze                   Ice            0%         1d3       99%         1
 Sandblast                Erth           0%         2d4       99%         1
 Ensorcelled Hibernation  Hex/Ice        0%         N/A       100%        2
 Passwall                 Tmut/Erth      0%         N/A       100%        2
 Call Canine Familiar     Summ           0%         N/A       100%        3
 Frozen Ramparts          Ice            0%         1d1       100%        3
 Gell's Gravitas          Tloc           0%         N/A       100%        3
 Hailstorm                Conj/Ice       0%         3d3       100%        3
 Inner Flame              Hex/Fire       0%         N/A       100%        3
 Portal Projectile        Hex/Tloc       0%         N/A       100%        3
 Stone Arrow              Conj/Erth      0%         3d7       100%        3
 Summon Guardian Golem    Hex/Summ       0%         N/A       100%        3
 Swiftness                Air            0%         N/A       100%        3
 Teleport Other           Tloc           0%         N/A       100%        3
 Flame Wave               Conj/Fire      0%         2d4       100%        4
 Leda's Liquefaction      Hex/Erth       0%         N/A       100%        4
 Sticky Flame             Conj/Fire      0%         2d3       100%        4
 Dispersal                Tloc           0%         N/A       100%        6
 Orb of Destruction       Conj           0%         9d5       100%        7
 Spellforged Servitor     Conj/Summ      0%         N/A       100%        7


Dungeon Overview and Level Annotations

Branches:
Dungeon (7/15)             Temple (0/1) D:7

Altars:
Sif Muna
Vehumet
Yredelemnul

Shops:
D:4 =

Annotations:
D:7 Joseph, Prince Ribbit


Message History

A yak comes into view.
Prince Ribbit blinks!
A gnoll comes into view. It is wielding a +0 spear.
You block the gnoll's attack.
The centaur unwields a +0 shortbow.
The centaur barely misses you. The centaur closely misses you.
You slash the gnoll!
Your weapon exudes an aura of protection.
You kill the gnoll!
You slash the centaur! You barely miss the iguana. You barely miss the gnoll.
The iguana bites you but does no damage.
The gnoll hits you with a +0 club.
* * * LOW HITPOINT WARNING * * *
The centaur closely misses you.
The centaur kicks you but does no damage.
A gnoll comes into view. It is wielding a +0 club.
Blink to where?
Press: ? - help, Dir - move target A phantom comes into view.
As you read the scroll of blinking, it crumbles to dust.
The centaur wields a +0 shortbow.
The centaur shoots an arrow.
The arrow hits you but does no damage.
The centaur shoots an arrow.
The arrow barely misses you.
The centaur shoots an arrow.
The arrow hits you but does no damage.
The centaur shoots an arrow.
The arrow hits you.
* * * LOW HITPOINT WARNING * * *
The phantom hits you but does no damage.
Really walk onto that alarm trap?
You set off the alarm!
The alarm trap emits a blaring wail!
A sentinel's mark forms upon you.
You hear a bellow! x2; You hear a shout!
You hear an angry buzzing noise. x3
The phantom attacks as you move away! The phantom barely misses you.
The phantom attacks as you move away! The phantom barely misses you.
The phantom attacks as you move away!
The phantom hits you but does no damage.
Joseph, a Mercenary comes into view.
He is wielding a +2 quarterstaff of speed.
Joseph unwields a +2 quarterstaff of speed.
Joseph wields a +0 sling.
Joseph shoots a sling bullet.
The sling bullet hits you!
You die...

### ##...###. . #.@
#........ .
#.######.......# .
+.W.c.##.......# .
#@###.##........ .
#.###.##......# #
#...#.##......##
#<..#.##..........
..#####l##......#...
........##......#...
######..Y..l...###..
#........Y.....
#.......#g....#


You could see Joseph, a phantom and a centaur.

Vanquished Creatures
  Eustachio (D:6)
  An ogre (D:6)
  A scorpion (D:4)
  2 killer bees (D:7)
  2 howler monkeys
  4 hounds
  A jelly (D:4)
  Crazy Yiuf (D:3)
  An orc priest (D:5)
  Terence (D:3)
  5 iguanas
  11 orc wizards
  A gnoll (D:7)
  5 adders
  A shadow imp (D:7)
  2 white imps
  An ufetubus (D:6)
  3 worms (D:4)
  2 dart slugs
  14 orcs
  9 ball pythons
  8 endoplasms
  A giant cockroach (D:2)
  11 goblins
  2 hobgoblins
  18 jackals
  5 kobolds
  3 quokkas
  3 bats
  2 frilled lizards
  5 rats
127 creatures vanquished.

Vanquished Creatures (others)
  A withered plant (D:5)
1 creature vanquished.

Grand Total: 128 creatures vanquished

Notes
Turn   | Place    | Note
-------+----------+-------------------------------------------
     0 | D:1      | gohu the Hill Orc Fighter began the quest for the Orb.
     0 | D:1      | Reached XP level 1. HP: 19/19 MP: 1/1
   177 | D:1      | Reached XP level 2. HP: 22/27 MP: 2/2
   209 | D:1      | Reached skill level 3 in Axes
   885 | D:2      | Reached XP level 3. HP: 33/33 MP: 3/3
   994 | D:2      | Reached skill level 4 in Axes
  1664 | D:2      | Reached XP level 4. HP: 40/40 MP: 4/4
  1741 | D:3      | Noticed Terence
  1755 | D:3      | Killed Terence
  1756 | D:3      | Reached skill level 5 in Axes
  1946 | D:3      | Found a shimmering blue altar of Sif Muna.
  2330 | D:3      | Found a runed translucent door.
  2331 | D:3      | Noticed Crazy Yiuf
  2338 | D:3      | Killed Crazy Yiuf
  2339 | D:3      | Reached XP level 5. HP: 40/47 MP: 5/5
  2624 | D:4      | Reached skill level 6 in Axes
  2628 | D:5      | Entered Level 5 of the Dungeon
  2781 | D:4      | Reached XP level 6. HP: 54/55 MP: 6/6
  2860 | D:4      | Reached skill level 7 in Axes
  3117 | D:4      | Reached skill level 5 in Fighting
  3233 | D:4      | Identified the +7 sling of Dominance {elec, Dex+6}
  3234 | D:4      | Found Faceh's Jewellery Shop.
  3523 | D:5      | Found a basalt altar of Yredelemnul.
  3727 | D:5      | Reached skill level 8 in Axes
  3727 | D:5      | Reached XP level 7. HP: 45/61 MP: 7/7
  4324 | D:6      | Noticed Eustachio
  4574 | D:5      | Reached skill level 9 in Axes
  5141 | D:6      | Killed Eustachio
  5142 | D:6      | Reached skill level 5 in Armour
  5142 | D:6      | Reached XP level 8. HP: 54/70 MP: 8/8
  5226 | D:6      | Identified the +3 chain mail "Xuqapel" {Contam rN+++ Int+3
                  | Dex-4}
  5389 | D:6      | Reached skill level 10 in Axes
  5470 | D:6      | Found a radiant altar of Vehumet.
  5925 | D:7      | Found a staircase to the Ecumenical Temple.
  5925 | D:7      | Noticed a yak
  5925 | D:7      | Noticed a yak
  5926 | D:7      | Noticed Prince Ribbit
  5926 | D:7      | Noticed a yak
  5927 | D:7      | Noticed a yak
  5932 | D:7      | HP: 3/73 [centaur/arrow (3)]
  5944 | D:7      | Noticed Joseph
  5944 | D:7      | Shot with a sling bullet by Joseph

Illustrated notes

Levels and vault maps discovered:
D:1:      mrwooster_arrival_statue_3, layout_loops_ring
D:2:      layout_loops_corners, minmay_pentomino_pile
D:3:      layout_loops_ring, old_standard_altar, chequers_serial_rivers_small_b,
          uniq_crazy_yiuf_cottage, uniq_terence
D:4:      layout_cave_pools, serial_shops, shop, serial_bayou_pond_d,
          abandoned_shop
D:5:      layout_basic, yredelemnul_altar_generic,
          minmay_a_box_with_orc_wizards_in_it
D:6:      layout_basic, vehumet_crystals, uniq_eustachio
D:7:      layout_basic, nicolae_overflow_crystal_walls,
          minmay_temple_entry_tees, serial_shops, nicolae_lakefront_shop,
          uniq_prince_ribbit1, uniq_joseph

Skill      XL: |  1  2  3  4  5  6  7  8 |
---------------+-------------------------+-----
Fighting       | 4 5 6 7 |  7.2
Axes           | 3 4 5 6 8 9 10 | 10.5
Armour         | 4 5 |  5.2
Shields        | |  3.2

Action                     |  1- 3 |  4- 6 |  7- 9 || total
---------------------------+-------+-------+-------++-------
  Melee: War axe           |    88 |   167 |   233 ||   488
  Throw: Boomerang         |       |       |     4 ||     4
    Use: Potion            |       |     1 |     4 ||     5
         Scroll            |       |       |     9 ||     9
 Armour: Scale mail        |    43 |    90 |    86 ||   219
         Chain mail        |       |       |    69 ||    69
  Dodge: Dodged            |    46 |    95 |    85 ||   226
  Block: Buckler           |    22 |    44 |    39 ||   105

Table legend: (Time is in decaauts)
 A = Elapsed time spent in this place.
 B = Non-inter-level travel time spent in this place.
 C = Inter-level travel time spent in this place.
 D = Time resting spent in this place.
 E = Time spent auto-exploring this place.
 F = Levels seen in this place.
 G = Mean time per level.
                   A        B        C        D        E       F      G
               +--------+--------+--------+--------+--------+-----+--------+
         Total |   6045 |   5884 |    161 |    517 |   4100 |   7 |  863.6 |
       Dungeon |   6045 |   5884 |    161 |    517 |   4100 |   7 |  863.6 |
               +--------+--------+--------+--------+--------+-----+--------+

Top non-repeatable levels by time:
     D:6: 1213 daAuts
     D:5: 1097 daAuts
     D:2: 1025 daAuts
     D:3: 912 daAuts
     D:4: 843 daAuts
     D:1: 716 daAuts
     D:7: 236 daAuts
